 Dungeon Crawl Stone Soup version 0.18.1-5-g4a78601 (webtiles) character file.

90214 Mefis the Thaumaturge (level 15, -1/76 HPs)
             Began as a Deep Elf Wizard on May 11, 2016.
             Was the Champion of Sif Muna.
             Slain by a hornet (19 damage)
             ... on level 2 of the Spider Nest.
             The game lasted 03:00:03 (30931 turns).

Mefis the Thaumaturge (Deep Elf Wizard)            Turns: 30931, Time: 03:00:03

Health: -1/76      AC: 13    Str:  9 (12) XL:     15   Next: 51%
Magic:  3/33       EV: 15    Int: 33      God:    Sif Muna [******]
Gold:   1355       SH:  0    Dex:  7 (8)  Spells: 11 memorised, 1 level left

rFire  + + +     SeeInvis .     F - +9 great sword "Tiargh" {slice, *Noise rF++ Str+4 Stlth+}
rCold  + . .     Gourm    .     R - +2 robe {rC+ rF+}
rNeg   . . .     Faith    .     (shield currently unavailable)
rPois  +         Spirit   .     E - +0 hat {MR+}
rElec  .         Dismiss  .     h - +1 cloak
rCorr  .         Reflect  .     W - +3 pair of gloves of Melancholy {rPois Dex-5 Stlth+}
SustAt .         Harm     .     (no boots)
MR     +++..                    H - amulet of magic regeneration
Stlth  +++++.....               C - +3 ring of intelligence
                                q - +2 ring of strength

@: lethally poisoned (-1 -> -10), swift (expiring), about to teleport, delayed
fireball, very quick, extremely resistant to hostile enchantments, quite
stealthy
A: antennae 1, molten scales 1, deterioration 1, magic resistance 1, shaggy fur
1, strong 1
a: Channel Energy, Forget Spell, Renounce Religion, Release Delayed Fireball


You were on level 2 of the Spider Nest.
You worshipped Sif Muna.
Sif Muna was exalted by your worship.
You were not hungry.

You visited 4 branches of the dungeon, and saw 21 of its levels.
You also visited: Sewer.

You collected 1444 gold pieces.
You spent 89 gold pieces at shops.

Inventory:

Hand Weapons
 F - the +9 great sword "Tiargh" (weapon) {slice, *Noise rF++ Str+4 Stlth+}
   (You found it on level 4 of the Dungeon)

   It inflicts extra damage upon your enemies.
   It affects your strength (+4).
   It greatly protects you from fire.
   It may make noises in combat.
   It makes you more stealthy.
Missiles
 t - 7 throwing nets (quivered)
Armour
 h - a +1 cloak (worn)
 E - a +0 hat of magic resistance (worn)
 R - a +2 robe of resistance (worn)
 W - the +3 pair of gloves of Melancholy (worn) {rPois Dex-5 Stlth+}
   (You found it on level 8 of the Lair of Beasts)

   It affects your dexterity (-5).
   It protects you from poison.
   It makes you more stealthy.
Magical Staves
 D - an uncursed staff of wizardry
Jewellery
 q - a +2 ring of strength (left hand)
 C - a +3 ring of intelligence (right hand)
 H - an amulet of magic regeneration (around neck)
Wands
 f - a wand of teleportation (8/9)
 i - a wand of flame (28/48)
 o - a wand of iceblast (6/15)
 w - a wand of lightning (9/15)
Scrolls
 k - a scroll of holy word {unknown}
 s - a scroll of vulnerability {unknown}
 y - a scroll of identify
 B - a scroll of remove curse
Potions
 a - 6 potions of might
 e - 6 potions of brilliance
 l - 3 potions of lignification
 u - 6 potions of curing
 I - 4 potions of berserk rage
 K - 2 potions of flight
 O - 3 potions of resistance
Books
 b - Ylimp's Papyrus of Torrid Stolen Souls
   (Sif Muna gifted it to you on level 6 of the Lair of Beasts)

   Spells                             Type                      Level
   a - Inner Flame                    Hexes/Fire                   3
   b - Sticky Flame                   Conjuration/Fire             4
   c - Fireball                       Conjuration/Fire             5
   d - Agony                          Necromancy                   5
   e - Ring of Flames                 Charms/Fire                  7
   f - Delayed Fireball               Conjuration/Fire             7
 c - a book of Minor Magic

   Spells                             Type                      Level
   a - Magic Dart                     Conjuration                  1
   b - Blink                          Translocation                2
   c - Call Imp                       Summoning                    2
   d - Repel Missiles                 Charms/Air                   2
   e - Slow                           Hexes                        2
   f - Conjure Flame                  Conjuration/Fire             3
   g - Mephitic Cloud                 Conjuration/Poison/Air       3
 g - a book of the Earth

   Spells                             Type                      Level
   a - Leda's Liquefaction            Hexes/Earth                  4
   b - Bolt of Magma                  Conjuration/Fire/Earth       5
   c - Statue Form                    Transmutation/Earth          6
   d - Iron Shot                      Conjuration/Earth            6
   e - Shatter                        Earth                        9
 m - a book of Battle

   Spells                             Type                      Level
   a - Infusion                       Charms                       1
   b - Shroud of Golubria             Charms/Translocation         2
   c - Song of Slaying                Charms                       2
   d - Spectral Weapon                Hexes/Charms                 3
   e - Regeneration                   Charms/Necromancy            3
 r - a book of Misfortune

   Spells                             Type                      Level
   a - Confusing Touch                Hexes                        2
   b - Confuse                        Hexes                        3
   c - Gell's Gravitas                Hexes/Translocation          3
   d - Petrify                        Transmutation/Earth          4
   e - Metabolic Englaciation         Hexes/Ice                    5
   f - Yara's Violent Unravelling     Hexes/Transmutation          5
 x - Sif Muna's Guide on Damage Dealing
   (Sif Muna gifted it to you on level 4 of the Lair of Beasts)

   Spells                             Type                      Level
   a - Dazzling Spray                 Conjuration/Hexes            3
   b - Static Discharge               Conjuration/Air              3
   c - Venom Bolt                     Conjuration/Poison           5
   d - Bolt of Cold                   Conjuration/Ice              6
 z - Quziteg's Papyrus of the Congealing Birds
   (Sif Muna gifted it to you on level 1 of the Spider Nest)

   Spells                             Type                      Level
   a - Freeze                         Ice                          1
   b - Ensorcelled Hibernation        Hexes/Ice                    2
   c - Summon Ice Beast               Ice/Summoning                4
   d - Deflect Missiles               Charms/Air                   6
 N - a book of Ice

   Spells                             Type                      Level
   a - Ice Form                       Ice/Transmutation            4
   b - Metabolic Englaciation         Hexes/Ice                    5
   c - Ozocubu's Refrigeration        Ice                          6
   d - Bolt of Cold                   Conjuration/Ice              6
   e - Freezing Cloud                 Conjuration/Ice/Air          6
   f - Simulacrum                     Ice/Necromancy               6
 T - a book of Envenomations

   Spells                             Type                      Level
   a - Spider Form                    Transmutation/Poison         3
   b - Olgreb's Toxic Radiance        Poison                       4
   c - Alistair's Intoxication        Transmutation/Poison         5
   d - Poisonous Cloud                Conjuration/Poison/Air       6
 V - the Handbook of Augmentations and Summoning
   (You found it on level 8 of the Lair of Beasts)

   Spells                             Type                      Level
   a - Infusion                       Charms                       1
   b - Summon Butterflies             Summoning                    1
   c - Summon Small Mammal            Summoning                    1
   d - Swiftness                      Charms/Air                   2
   e - Excruciating Wounds            Charms/Necromancy            5
   f - Summon Mana Viper              Hexes/Summoning              5
   g - Aura of Abjuration             Summoning                    5
 Y - Sif Muna's Tome of Necromancy and Creation
   (Sif Muna gifted it to you on level 8 of the Lair of Beasts)

   Spells                             Type                      Level
   a - Summon Lightning Spire         Summoning/Air                4
   b - Agony                          Necromancy                   5
   c - Summon Demon                   Summoning                    5
   d - Spellforged Servitor           Conjuration/Summoning        7
Miscellaneous
 n - a stone of tremors
Comestibles
 d - 5 bread rations
 j - 12 meat rations
 v - 6 fruits
 M - 4 slices of pizza
 Q - 6 beef jerkies
 X - 5 royal jellies


   Skills:
 - Level 2.7 Fighting
 - Level 3.3 Long Blades
 - Level 6.2 Armour
 + Level 12.4 Dodging
 - Level 7.6 Stealth
   Level 2.0 Shields
 + Level 12.9 Spellcasting
 - Level 10.3 Conjurations
 - Level 10.5 Hexes
 * Level 9.4 Charms
   Level 3.2 Summonings
 - Level 3.4 Translocations
 * Level 10.4 Fire Magic
 - Level 4.3 Ice Magic
 - Level 3.7 Air Magic
   Level 6.1 Earth Magic
 - Level 6.3 Poison Magic
 - Level 10.2 Invocations


You had one spell level left.
You knew the following spells:

 Your Spells              Type           Power        Failure   Level  Hunger
a - Magic Dart            Conj           ####         1%          1    None
c - Swiftness             Chrm/Air       ######..     1%          2    None
d - Poisonous Cloud       Conj/Pois/Air  ######....   21%         6    ####...
e - Mephitic Cloud        Conj/Pois/Air  ######..     1%          3    None
f - Delayed Fireball      Conj/Fire      N/A          28%         7    #####..
g - Confuse               Hex            ######..     1%          3    None
h - Metabolic Englaciati  Hex/Ice        ######....   2%          5    None
p - Shroud of Golubria    Chrm/Tloc      ######....   1%          2    None
q - Olgreb's Toxic Radia  Pois           ######..     1%          4    None
s - Venom Bolt            Conj/Pois      ######....   1%          5    None
w - Fireball              Conj/Fire      ######....   1%          5    None


Dungeon Overview and Level Annotations

Branches:
Dungeon (10/15)            Temple (1/1) D:6            Lair (8/8) D:10
  Swamp (0/4) Lair:5       Spider (2/4) Lair:5        Slime (0/6) Lair:7
    Orc (0/2) D:9

Altars:
Ashenzari
Cheibriados
Dithmenos
Elyvilon
Fedhas
Kikubaaqudgha
Makhleb
Nemelex Xobeh
Okawaru
Pakellas
Qazlal
Ru
Sif Muna
Trog
Vehumet
Xom
Yredelemnul
Zin
The Shining One
Jiyva

Shops:
D:5 (   D:9 ([   D:10 %%%=

Annotations:
D:7 1 exclusion
D:8 CcS's ghost, novice MiBe
D:9 exclusion: orange crystal statue
Lair:2 exclusion: oklob plant
Lair:7 1 runed door


Innate Abilities, Weirdness & Mutations

You have a pair of small antennae on your head.
You are partially covered in molten scales (AC +1).
Your body sometimes deteriorates upon taking damage.
You are resistant to hostile enchantments.
You are covered in fur (AC +1).
Your muscles are strong. (Str +2)


Message History

You feel your power leaking away. Something hits you. x2
Something stings you but does no damage.
Your surroundings seem slightly different.
You feel you are being watched by something.
You feel your power leaking away.
A hornet comes into view.
Found a cloak.
The helpless hornet fails to defend itself.
You slash the hornet!
The hornet is heavily wounded.
You start to feel a little slower.
The hornet stings you but does no damage.
The hornet stings you!
* * * LOW HITPOINT WARNING * * *
You are poisoned.
Read which item? (? for menu, Esc to quit)
As you read the scroll of teleportation, it crumbles to dust.
You feel strangely unstable.
You feel sick. The hornet stings you!!
You die...

#.........#
###........##
##..........#
##.....#^....#
#......##.....
##..#...##.#.##
#####...#####
####....#
#..@....#
#.....y.....#
^..........##
.........^##
#.......###
#########


You could see a hornet.

Vanquished Creatures
  Gastronok (Lair:3)
  Maud (Lair:3)
  An emperor scorpion (Spider:2)
  The ghost of Mefis the Frost Mage, a journeyman DEWz of Sif Muna (Spider:1)
  A spark wasp (Spider:1)
  5 hydras
  Harold (Lair:4)
  3 catoblepae (Lair:8)
  Erolcha (D:9)
  28 death yaks
  Urug (Lair:2)
  2 hill giants (D:10)
  9 orb spiders
  5 wolf spiders
  3 griffons
  A hornet (Spider:1)
  17 elephants
  6 black mambas
  A torpor snail (Lair:8)
  A gargoyle (D:10)
  2 rime drakes
  14 spiny frogs
  A demonic crawler (Spider:1)
  13 komodo dragons
  2 polar bears (Lair:6)
  A troll (D:10)
  11 jumping spiders
  A two-headed ogre (D:10)
  19 blink frogs
  3 boulder beetles
  A spriggan (Lair:7)
  22 redbacks
  2 wyverns
  15 tarantellas (Spider:1)
  48 yaks
  3 basilisks
  A steam dragon (Lair:7)
  5 vampire mosquitoes (Lair:5)
  11 hippogriffs
  Menkaure (D:6)
  A hungry ghost (D:10)
  2 wargs
  19 water moccasins
  4 sky beasts
  7 porcupines
  3 ice beasts
  6 orc warriors
  A necrophage (D:9)
  2 ogres
  14 wolves
  20 crocodiles
  4 centaurs
  4 big kobolds
  17 giant frogs
  A gnoll sergeant (D:9)
  A wyvern zombie (D:10)
  A scorpion (D:5)
  11 killer bees
  10 wights
  4 howler monkeys
  5 crimson imps
  2 giant frog zombies
  5 hounds
  A centaur zombie (D:8)
  A giant frog skeleton (D:7)
  8 orc priests
  2 centaur skeletons
  8 iguanas
  8 worker ants
  Ijyb (D:2)
  17 orc wizards
  25 sheep
  2 hound zombies (D:9)
  3 worker ant zombies
  A howler monkey skeleton (D:4)
  7 gnolls
  52 river rats
  13 adders
  2 shadow imps
  3 oozes
  4 adder skeletons
  An adder zombie (D:7)
  2 worms
  4 dart slugs
  10 giant geckos
  45 orcs
  2 bat zombies (D:1)
  13 giant cockroaches
  4 goblins
  14 hobgoblins
  16 jackals
  6 quokkas
  4 ball pythons
  8 bats
  A giant gecko skeleton (D:4)
  4 giant newts
  2 jackal skeletons
  18 kobolds
  A quokka skeleton (D:6)
  12 rats
  A fungus (Lair:5)
  A plant (Lair:3)
736 creatures vanquished.

Vanquished Creatures (collateral kills)
  An ogre (D:6)
  A giant frog (D:9)
  An ooze (D:2)
3 creatures vanquished.

Vanquished Creatures (others)
  A giant newt (D:3)
  19 fungi
  19 plants
39 creatures vanquished.

Grand Total: 778 creatures vanquished

Notes
Turn   | Place    | Note
--------------------------------------------------------------
     0 | D:1      | Mefis the Deep Elf Wizard began the quest for the Orb.
     0 | D:1      | Reached XP level 1. HP: 10/10 MP: 7/7
   253 | D:1      | Reached XP level 2. HP: 12/15 MP: 1/9
   324 | D:1      | Learned a level 2 spell: Call Imp
   327 | D:1      | Learned a level 2 spell: Blink
   330 | D:1      | Learned a level 2 spell: Repel Missiles
   963 | D:1      | Reached XP level 3. HP: 19/19 MP: 7/11
  1032 | D:1      | Learned a level 3 spell: Mephitic Cloud
  1167 | D:1      | Reached skill level 5 in Spellcasting
  1933 | D:2      | Found a stormy altar of Qazlal.
  1933 | D:2      | Found a radiant altar of Vehumet.
  1970 | D:2      | Reached XP level 4. HP: 23/24 MP: 9/13
  1973 | D:2      | Noticed Ijyb
  2008 | D:2      | Killed Ijyb
  2383 | D:2      | Found a white marble altar of Elyvilon.
  2607 | D:2      | Became a worshipper of Elyvilon the Healer
  2745 | D:3      | Reached XP level 5. HP: 28/28 MP: 6/14
  2861 | D:3      | Learned a level 3 spell: Conjure Flame
  3443 | D:3      | Found a bloodstained altar of Trog.
  3444 | D:3      | Found a sacrificial altar of Ru.
  3646 | D:3      | Found a basalt altar of Yredelemnul.
  3655 | D:3      | Found a glowing golden altar of the Shining One.
  3657 | D:3      | Noticed an angel
  3681 | D:3      | Found a burning altar of Makhleb.
  3683 | D:3      | Found a glowing silver altar of Zin.
  3683 | D:3      | Noticed an angel
  3684 | D:3      | Noticed a green death
  3840 | D:4      | Found a sparkling altar of Nemelex Xobeh.
  3851 | D:4      | Reached skill level 1 in Poison Magic
  3851 | D:4      | Reached XP level 6. HP: 31/32 MP: 5/16
  4034 | D:4      | Reached * piety under Elyvilon
  4551 | D:4      | Got a crude great sword
  4559 | D:4      | Found a deep blue altar of Sif Muna.
  4562 | D:4      | Fell from the grace of Elyvilon
  4562 | D:4      | Became a worshipper of Sif Muna the Loreminder
  4563 | D:4      | Identified the +9 great sword "Tiargh" {slice, *Noise rF++ Str+4 Stlth+} (You found it on level 4 of the Dungeon)
  4729 | D:5      | Entered Level 5 of the Dungeon
  4987 | D:5      | Found a glowing drain.
  5014 | D:5      | Reached skill level 1 in Long Blades
  5021 | Sewer    | Entered a sewer
  5036 | Sewer    | Reached XP level 7. HP: 37/37 MP: 4/18
  5185 | Sewer    | Learned a level 2 spell: Slow
  5303 | Sewer    | Found a white marble altar of Elyvilon.
  5438 | D:5      | Found Echueg's Weapon Shop.
  6161 | D:6      | Noticed Menkaure
  6171 | D:6      | Killed Menkaure
  6171 | D:6      | Reached skill level 1 in Fighting
  6171 | D:6      | Reached skill level 5 in Stealth
  6171 | D:6      | Reached skill level 1 in Charms
  6341 | D:6      | Reached skill level 1 in Fire Magic
  6527 | D:6      | Reached skill level 1 in Invocations
  6532 | D:6      | Reached * piety under Sif Muna
  6532 | D:6      | Reached skill level 1 in Hexes
  6532 | D:6      | Reached skill level 1 in Air Magic
  6549 | D:6      | Reached XP level 8. HP: 37/43 MP: 4/19
  6594 | D:6      | Gained mutation: You possess an exceptional clarity of mind. [mutagenic meat]
  6595 | D:6      | Gained mutation: You are frail (-10% HP). [mutagenic meat]
  6596 | D:6      | Gained mutation: You have a pair of small antennae on your head. [mutagenic meat]
  6597 | D:6      | Gained mutation: You are resistant to hostile enchantments. [mutagenic meat]
  6598 | D:6      | Gained mutation: Your magical capacity is low (-10% MP). [mutagenic meat]
  6599 | D:6      | Gained mutation: You expend magic power (3 MP) to strengthen your wands. [mutagenic meat]
  7443 | D:6      | Found a staircase to the Ecumenical Temple.
  7449 | Temple   | Entered the Ecumenical Temple
  7874 | D:7      | Reached ** piety under Sif Muna
  7956 | D:7      | Lost mutation: You are frail (-10% HP). [mutagenic meat]
  8068 | D:7      | Learned a level 4 spell: Olgreb's Toxic Radiance
  8552 | D:7      | Reached skill level 5 in Dodging
  8552 | D:7      | Reached XP level 9. HP: 47/48 MP: 8/19
  9123 | D:8      | Reached skill level 5 in Conjurations
  9128 | D:8      | Noticed CcS's ghost (novice MiBe)
  9428 | D:8      | Found a stormy altar of Qazlal.
 10179 | D:8      | Gained mutation: You are robust (+10% HP). [mutagenic meat]
 10180 | D:8      | Gained mutation: Your body sometimes deteriorates upon taking damage. [mutagenic meat]
 10181 | D:8      | Lost mutation: You possess an exceptional clarity of mind. [mutagenic meat]
 10411 | D:8      | Noticed a gargoyle
 10442 | D:8      | Reached *** piety under Sif Muna
 10526 | D:8      | Reached skill level 5 in Poison Magic
 10589 | D:9      | Noticed Erolcha
 10612 | D:9      | Killed Erolcha
 10612 | D:9      | Reached XP level 10. HP: 39/59 MP: 1/21
 11443 | D:9      | Learned a level 4 spell: Ice Form
 11460 | D:9      | Found Aptir's Armour Shoppe.
 11460 | D:9      | Found a staircase to the Orcish Mines.
 11841 | D:9      | Reached skill level 1 in Ice Magic
 12250 | D:9      | Found Qatohel's Weapon Shoppe.
 12284 | D:9      | Reached **** piety under Sif Muna
 12626 | D:9      | Found an iron altar of Okawaru.
 12639 | D:9      | Noticed an orange crystal statue
 13374 | D:10     | Entered Level 10 of the Dungeon
 13374 | D:10     | Found Xueseyma's Food Shop.
 13388 | D:10     | Reached skill level 5 in Invocations
 13631 | D:10     | Noticed a gargoyle
 13647 | D:9      | Learned a level 5 spell: Bolt of Magma
 13725 | D:10     | Reached skill level 1 in Earth Magic
 13916 | D:10     | Noticed a hill giant
 14252 | D:10     | Reached XP level 11. HP: 64/64 MP: 23/23
 14305 | D:10     | Found a staircase to the Lair.
 14334 | D:10     | Found Tuofuvam's Food Boutique.
 14355 | D:10     | Killed a hill giant
 14418 | D:10     | Bought a royal jelly for 22 gold pieces
 14418 | D:10     | Bought a royal jelly for 22 gold pieces
 14421 | D:10     | Noticed a hill giant
 14428 | D:10     | Killed a hill giant
 14510 | D:10     | Found Aqosh's Food Shop.
 14518 | D:10     | Bought a royal jelly for 26 gold pieces
 14518 | D:10     | Bought a beef jerky for 19 gold pieces
 14699 | D:10     | Found Hovvusch's Jewellery Shoppe.
 14825 | D:10     | Found Hischahue's Jewellery Shop.
 14947 | Lair:1   | Entered Level 1 of the Lair of Beasts
 14954 | Lair:1   | Reached ***** piety under Sif Muna
 16310 | Lair:1   | Learned a level 5 spell: Metabolic Englaciation
 16790 | Lair:1   | Reached skill level 5 in Earth Magic
 17483 | Lair:2   | Reached skill level 1 in Armour
 17811 | Lair:2   | Noticed Urug
 17828 | Lair:2   | Killed Urug
 17838 | Lair:2   | HP: 2/64 [porcupine (12)]
 18098 | Lair:2   | Reached XP level 12. HP: 64/70 MP: 5/24
 18183 | Lair:2   | Learned a level 3 spell: Confuse
 18637 | Lair:3   | Noticed an eight-headed hydra
 18644 | Lair:3   | Noticed Maud
 18656 | Lair:3   | Killed an eight-headed hydra
 18813 | Lair:4   | Reached skill level 5 in Fire Magic
 18845 | Lair:4   | Reached ****** piety under Sif Muna
 18845 | Lair:4   | Received a gift from Sif Muna
 18846 | Lair:4   | Identified Sif Muna's Guide on Damage Dealing (Sif Muna gifted it to you on level 4 of the Lair of Beasts)
 18855 | Lair:4   | Learned a level 5 spell: Venom Bolt
 18915 | Lair:4   | Noticed Harold
 18927 | Lair:4   | Killed Harold
 19220 | Lair:4   | Reached skill level 5 in Hexes
 19490 | Lair:3   | Killed Maud
 19518 | Lair:3   | Reached skill level 10 in Spellcasting
 19800 | Lair:3   | Noticed Gastronok
 19811 | Lair:3   | Killed Gastronok
 20439 | Lair:3   | Noticed a seven-headed hydra
 20587 | Lair:3   | Killed a seven-headed hydra
 21272 | Lair:5   | Found a hole to the Spider Nest.
 21286 | Lair:5   | Reached XP level 13. HP: 74/74 MP: 15/26
 22059 | Lair:5   | Reached skill level 10 in Dodging
 22274 | Lair:5   | Lost mutation: You are robust (+10% HP). [potion of cure mutation]
 22274 | Lair:5   | Lost mutation: Your body sometimes deteriorates upon taking damage. [potion of cure mutation]
 22274 | Lair:5   | Lost mutation: You expend magic power (3 MP) to strengthen your wands. [potion of cure mutation]
 22274 | Lair:5   | Lost mutation: Your magical capacity is low (-10% MP). [potion of cure mutation]
 22360 | Lair:5   | Found a staircase to the Swamp.
 22934 | Lair:6   | Received a gift from Sif Muna
 22938 | Lair:6   | Identified Ylimp's Papyrus of Torrid Stolen Souls (Sif Muna gifted it to you on level 6 of the Lair of Beasts)
 24341 | Lair:6   | Reached skill level 10 in Hexes
 24663 | Lair:7   | Got an encrusted shortbow
 24664 | Lair:7   | Identified the +9 shortbow "Oqade" {flame, +Blink} (You found it on level 7 of the Lair of Beasts)
 24759 | Lair:7   | Reached skill level 5 in Armour
 25061 | Lair:7   | Found a runed door.
 25063 | Lair:7   | Found a viscous altar of Jiyva.
 25102 | Lair:7   | Reached XP level 14. HP: 70/72 MP: 9/31
 25179 | Lair:7   | Found a staircase to the Slime Pits.
 25898 | Lair:7   | Learned a level 5 spell: Fireball
 25918 | Lair:8   | Entered Level 8 of the Lair of Beasts
 26130 | Lair:8   | Reached skill level 1 in Shields
 26834 | Lair:8   | Received a gift from Sif Muna
 26834 | Lair:8   | Reached skill level 10 in Conjurations
 26842 | Lair:8   | Reached skill level 10 in Invocations
 26915 | Lair:8   | Identified Sif Muna's Tome of Necromancy and Creation (Sif Muna gifted it to you on level 8 of the Lair of Beasts)
 27396 | Lair:8   | Reached skill level 5 in Charms
 27785 | Lair:8   | Reached XP level 15. HP: 76/76 MP: 18/33
 27796 | Lair:8   | Identified the Handbook of Augmentations and Summoning
 27798 | Lair:8   | Got a pair of pitted gloves
 27809 | Lair:8   | Identified the +3 pair of gloves of Melancholy {rPois Dex-5 Stlth+} (You found it on level 8 of the Lair of Beasts)
 28173 | Lair:1   | Learned a level 7 spell: Delayed Fireball
 28194 | Lair:1   | Gained mutation: Your body sometimes deteriorates upon taking damage. [potion of mutation]
 28194 | Lair:1   | Gained mutation: You expend magic power (3 MP) to strengthen your wands. [potion of mutation]
 28195 | Lair:1   | Gained mutation: You are robust (+10% HP). [potion of mutation]
 28195 | Lair:1   | Gained mutation: You occasionally shout uncontrollably at your foes. [potion of mutation]
 28196 | Lair:1   | Gained mutation: You are surrounded by a mild repulsion field (EV +2). [potion of mutation]
 28196 | Lair:1   | Gained mutation: You are partially covered in molten scales (AC +1). [potion of mutation]
 28196 | Lair:1   | Gained mutation: Your muscles are strong. (Str +2) [potion of mutation]
 28197 | Lair:1   | Gained mutation: You are covered in fur (AC +1). [potion of mutation]
 28197 | Lair:1   | Gained mutation: Your spells are a little easier to cast, but a little less powerful. [potion of mutation]
 28199 | Lair:1   | Lost mutation: You occasionally shout uncontrollably at your foes. [potion of cure mutation]
 28199 | Lair:1   | Lost mutation: You expend magic power (3 MP) to strengthen your wands. [potion of cure mutation]
 28199 | Lair:1   | Lost mutation: Your spells are a little easier to cast, but a little less powerful. [potion of cure mutation]
 28199 | Lair:1   | Lost mutation: You are robust (+10% HP). [potion of cure mutation]
 28199 | Lair:1   | Lost mutation: You are surrounded by a mild repulsion field (EV +2). [potion of cure mutation]
 28210 | Lair:1   | Learned a level 5 spell: Fireball
 28273 | Lair:1   | Learned a level 6 spell: Poisonous Cloud
 28277 | Lair:1   | Learned a level 2 spell: Swiftness
 28483 | Spider:1 | Entered Level 1 of the Spider Nest
 28963 | Spider:1 | Noticed Mefis's ghost (journeyman DEWz)
 29256 | Spider:1 | Learned a level 2 spell: Shroud of Golubria
 30136 | Spider:1 | Reached skill level 10 in Fire Magic
 30357 | Spider:1 | Killed Mefis's ghost
 30373 | Spider:1 | Received a gift from Sif Muna
 30703 | Spider:1 | Identified Quziteg's Papyrus of the Congealing Birds (Sif Muna gifted it to you on level 1 of the Spider Nest)
 30931 | Spider:2 | Slain by a hornet

Skill      XL: |  1  2  3  4  5  6  7  8  9 10 11 12 13 14 15 |
---------------+----------------------------------------------+-----
Stealth        | 3 4 5 6 7 |  7.6
Conjurations   | 2 3 4 5 6 8 9 10 | 10.3
Spellcasting   | 5 6 7 8 9 10 11 12 | 12.9
Summonings     | 2 3 |  3.2
Dodging        | 3 4 5 7 8 9 10 11 12 | 12.4
Poison Magic   | 1 2 3 5 6 |  6.3
Translocations | 2 3 |  3.4
Long Blades    | 1 2 3 |  3.3
Fighting       | 1 2 |  2.7
Charms         | 1 3 6 9 |  9.4
Fire Magic     | 1 2 4 5 6 8 10 | 10.4
Invocations    | 1 2 4 5 6 7 9 10 | 10.2
Hexes          | 1 2 3 7 10 | 10.5
Air Magic      | 1 2 3 |  3.7
Ice Magic      | 2 3 4 |  4.3
Earth Magic    | 2 5 6 |  6.1
Armour         | 2 3 5 6 |  6.2
Shields        | 2 |  2.0

Action                   |  1- 3 |  4- 6 |  7- 9 | 10-12 | 13-15 || total
-------------------------+-------+-------+-------+-------+-------++-------
Melee: Unarmed           |    14 |       |       |       |       ||    14
       Dagger            |    24 |    21 |       |       |       ||    45
       Great sword       |       |     3 |    18 |   256 |   285 ||   562
       Staff             |       |       |       |       |     1 ||     1
 Fire: Shortbow          |       |       |       |       |     8 ||     8
 Cast: Magic Dart        |   118 |   216 |   459 |   416 |   152 ||  1361
       Repel Missiles    |     1 |       |     1 |       |       ||     2
       Call Imp          |       |     1 |     4 |     1 |       ||     6
       Conjure Flame     |       |     2 |    29 |    15 |       ||    46
       Mephitic Cloud    |       |     1 |    19 |    30 |     7 ||    57
       Olgreb's Toxic Ra |       |       |    15 |    34 |    32 ||    81
       Blink             |       |       |     6 |     8 |     6 ||    20
       Bolt of Magma     |       |       |       |    99 |    94 ||   193
       Venom Bolt        |       |       |       |    17 |   159 ||   176
       Metabolic Englaci |       |       |       |     5 |    17 ||    22
       Slow              |       |       |       |     1 |       ||     1
       Fireball          |       |       |       |       |    20 ||    20
       Poisonous Cloud   |       |       |       |       |    11 ||    11
       Delayed Fireball  |       |       |       |       |     4 ||     4
       Confuse           |       |       |       |       |     3 ||     3
       Swiftness         |       |       |       |       |     1 ||     1
Invok: Channel Energy    |       |       |    33 |    59 |    85 ||   177
       Forget Spell      |       |       |       |     4 |     3 ||     7
 Abil: Release Delayed F |       |       |       |       |     3 ||     3
  Use: Scroll            |       |     4 |    10 |     3 |    13 ||    30
       Potion            |       |       |     1 |     5 |    12 ||    18
 Stab: Sleeping          |       |     1 |     1 |       |     4 ||     6
       Confused          |       |       |     1 |       |       ||     1
       Distracted        |       |       |       |       |     1 ||     1
  Eat: Chunk             |     3 |     9 |    29 |    41 |    31 ||   113
       Fruit             |       |       |     1 |     1 |     3 ||     5
       Bread ration      |       |       |     1 |     4 |     5 ||    10
Armor: Robe              |    25 |    18 |    28 |    43 |    57 ||   171
       Troll leather arm |       |       |       |    33 |    82 ||   115
Dodge: Dodged            |    68 |    55 |    74 |   346 |   418 ||   961
       Deflected         |     1 |       |     2 |     7 |     1 ||    11
